 Dungeon Crawl Stone Soup version 0.20.0-15-g7f486f2 (webtiles) character file.

39 vishdafish the Shield-Bearer (level 3, 0/23 HPs)
             Began as a Gargoyle Fighter on June 18, 2017.
             Slain by a worm (5 damage)
             ... on level 2 of the Dungeon.
             The game lasted 00:02:19 (1062 turns).

vishdafish the Shield-Bearer (Gargoyle Fighter)     Turns: 1062, Time: 00:02:20

Health: 0/23       AC: 10    Str: 20    XL:     3   Next: 47%
Magic:  3/3        EV:  7    Int:  8    God:
Gold:   44         SH:  9    Dex:  9    Spells: 2/2 levels left

rFire    . . .     SeeInvis .   a - +0 flail
rCold    . . .     Gourm    .   c - +0 shield
rNeg     + . .     Faith    .   b - +0 scale mail
rPois    ∞         Spirit   .   (no helmet)
rElec    +         Reflect  .   (no cloak)
rCorr    .         Harm     .   (no gloves)
MR       .....     Rnd*Tele +   (no boots)
Stlth    ..........             (no amulet)
Regen    0.1/turn               k - ring of teleportation (curse)
MPRegen  0.1/turn               (no ring)

@: about to teleport
A: negative energy resistance 1, electricity resistance, unbreathing,
petrification resistance, rot immunity, AC +3
a: no special abilities


You were on level 2 of the Dungeon.
You were not hungry.

You visited 1 branch of the dungeon, and saw 2 of its levels.

You collected 44 gold pieces.

Inventory:

Hand Weapons
 a - a +0 flail (weapon)
Armour
 b - a +0 scale mail (worn)
 c - a +0 shield (worn)
Jewellery
 k - a cursed ring of teleportation (left hand)
Scrolls
 i - a scroll of remove curse {unknown}
 j - a scroll of enchant armour {unknown}
 l - a scroll of fog {unknown}
Potions
 d - 2 potions of might
 g - a potion of degeneration {unknown}
 h - 2 potions of curing {unknown}
Comestibles
 f - a bread ration


   Skills:
 + Level 3.5 Fighting
 + Level 2.8 Maces & Flails
 + Level 3.3 Armour
 + Level 0.5 Dodging
 + Level 3.7 Shields


You had 2 spell levels left.
You didn't know any spells.

Dungeon Overview and Level Annotations

Branches:
Dungeon (2/15)

Altars:


Innate Abilities, Weirdness & Mutations

You are resistant to torment.
Your stone body is resilient. (AC +3)
You are immune to poison.
You resist negative energy. (rN+)
You are resistant to electric shocks. (rElec)
You can survive without breathing.
You are immune to petrification.
You are immune to rotting.


Message History

You hit the adder but do no damage. The bat barely misses you.
The adder barely misses you. You block the adder's attack.
Your shield and scale mail prevent you from hitting the adder.
The bat hits you but does no damage. The adder bites you.
* * * LOW HITPOINT WARNING * * *
You miss the adder. The bat hits you but does no damage.
You block the adder's attack. x2
You miss the adder. The bat hits you but does no damage.
You block the adder's attack.
You miss the adder. The bat hits you but does no damage.
You block the adder's attack. The adder barely misses you.
You hit the adder.
The adder is lightly wounded.
The bat barely misses you. The bat hits you but does no damage.
The adder bites you but does no damage. The adder barely misses you.
As you read the scroll labeled GAXYER RUR, it crumbles to dust.
You feel strangely unstable.
It was a scroll of teleportation.
The bat barely misses you. The adder bites you but does no damage.
The worm bites you.
You die...

..#.#.#.##...#
.......†.....#
#...#.#..#...## ##
#...#.#..##.... ..
...........#####
###.######.#####.#.#
........b# .#.#
.##...S..# .# #
......w@.# ##
.##......# #......#
....##.### ... .. ##
.## .. ..


You could see a worm, an adder and a bat.

Vanquished Creatures
  2 worms (D:2)
  A dart slug (D:1)
  2 giant cockroaches (D:1)
  5 goblins (D:1)
  4 hobgoblins
  5 kobolds
  A ball python (D:1)
  5 bats (D:1)
  2 frilled lizards (D:1)
  4 rats (D:1)
31 creatures vanquished.

Notes
Turn   | Place    | Note
-------+----------+-------------------------------------------
     0 | D:1      | vishdafish the Gargoyle Fighter began the quest for the Orb.
     0 | D:1      | Reached XP level 1. HP: 14/14 MP: 1/1
    99 | D:1      | Reached XP level 2. HP: 18/19 MP: 2/2
   428 | D:1      | Reached XP level 3. HP: 23/23 MP: 3/3
  1062 | D:2      | Slain by a worm

Action                   || total
-------------------------++-------
Melee: Flail             ||   107
  Use: Scroll            ||     1
  Eat: Bread ration      ||     1
Armor: Scale mail        ||    75
Dodge: Dodged            ||    36
Block: Shield            ||    66
